IL
FRESNO GRIZZLIES @ BUFFALO BISONS
09/12/2049
 
TOP OF THE 1ST
Fresno Grizzlies batting - Pitching for Buffalo Bisons : RHP Jonathon Crunk
Pitching: RHP Jonathon Crunk
Batting: RHB Chris Trites 0-0: Ball
1-0: Ball
2-0: Called Strike
2-1: Foul Ball, location: 2F
2-2: Ground out U3 (Groundball, 3, EV 80.0 MPH)
Batting: RHB Jesse Scott 0-0: Ball
1-0: Ground out 5-3 (Groundball, 15, EV 84.4 MPH)
Batting: LHB Josh Birkner 0-0: Called Strike
0-1: Swinging Strike
0-2: Foul Ball, location: 2F
0-2: Ball
1-2: Ball
2-2: SINGLE (Groundball, 3S, EV 55.0 MPH) (infield hit)
Batting: LHB Chris Cabrera 0-0: Ball
1-0: Ball
2-0: Ball
3-0: Base on Balls
Josh Birkner to second
Batting: RHB Etsuro Hosokawa 0-0: Called Strike
0-1: Ball
1-1: Fly out, F8 (Line Drive, 89M, EV 90.0 MPH)
Top of the 1st over - 0 runs, 1 hit, 0 errors, 2 left on base; Fresno 0 - Buffalo 0
BOTTOM OF THE 1ST
Buffalo Bisons batting - Pitching for Fresno Grizzlies : RHP Mike Hurst
Pitching: RHP Mike Hurst
Batting: RHB Francisco Hernandez 0-0: Ball
1-0: Foul Ball, location: 2F
1-1: Called Strike
1-2: Ball
2-2: SINGLE (Groundball, 4MD, EV 99.4 MPH)
Batting: RHB Leo Mair 0-0: Ball
1-0: Called Strike
1-1: Swinging Strike
1-2: SINGLE (Line Drive, 9LS, EV 95.6 MPH)
Francisco Hernandez to second
Runner from 2nd tries for 3rd, SAFE, throw by RF made to third
Batting: LHB Isto Mäyrä 0-0: Ball
1-0: Ball
2-0: Ball
3-0: Base on Balls
Leo Mair to second
Batting: RHB Jeff Garofalo 0-0: Ball
1-0: Ball
2-0: Called Strike
2-1: Ball
3-1: Foul Ball, location: 2F
3-2: Base on Balls
Francisco Hernandez scores
Leo Mair to third
Isto Mäyrä to second
Batting: LHB Jack Bell 0-0: Ball
1-0: Ball
2-0: Ball
3-0: Called Strike
3-1: Base on Balls
Leo Mair scores
Isto Mäyrä to third
Jeff Garofalo to second
Batting: RHB Danny Miramontes 0-0: Ball
1-0: Foul Ball, location: 2F
1-1: Ball
2-1: Ball
3-1: Base on Balls
Isto Mäyrä scores
Jeff Garofalo to third
Jack Bell to second
Batting: RHB Chris Martin 0-0: Ball
1-0: Ball
2-0: Called Strike
2-1: Swinging Strike
2-2: Ball
3-2: Fly out, F4 (Popup, 4, EV 55.6 MPH)
Batting: RHB Danny Heyer 0-0: Called Strike
0-1: Foul Ball, location: 2F
0-2: Strikes out swinging
Batting: RHB Bobby Lasaguna 0-0: Ball
1-0: Called Strike
1-1: Ball
2-1: Called Strike
2-2: Foul Ball, location: 2F
2-2: Foul Ball, location: 2F
2-2: Ball
3-2: Ground out 4-3 (Groundball, 4, EV 102.5 MPH)
Bottom of the 1st over - 3 runs, 2 hits, 0 errors, 3 left on base; Fresno 0 - Buffalo 3
TOP OF THE 2ND
Fresno Grizzlies batting - Pitching for Buffalo Bisons : RHP Jonathon Crunk
Batting: RHB Nick Deegan 0-0: Ball
1-0: Ground out 1-3 (Groundball, P, EV 63.8 MPH)
Batting: RHB Sam Spohn 0-0: Ball
1-0: Called Strike
1-1: Foul Ball, location: 2F
1-2: SOLO HOME RUN (Flyball, 7LD, EV 97.5 MPH), Distance : 401 ft
Batting: RHB Bryan Peterson 0-0: Ball
1-0: Ground out 5-3 (Groundball, 56, EV 83.1 MPH)
Batting: RHB Dustin Hartman 0-0: Called Strike
0-1: Ball
1-1: Swinging Strike
1-2: Strikes out looking
Top of the 2nd over - 1 run, 1 hit, 0 errors, 0 left on base; Fresno 1 - Buffalo 3
BOTTOM OF THE 2ND
Buffalo Bisons batting - Pitching for Fresno Grizzlies : RHP Mike Hurst
Batting: RHB Francisco Hernandez 0-0: Foul Ball, location: 2F
0-1: Ball
1-1: Called Strike
1-2: Strikes out looking
Batting: RHB Leo Mair 0-0: Ball
1-0: Foul Ball, location: 2F
1-1: Foul Ball, location: 2F
1-2: Strikes out swinging
Batting: LHB Isto Mäyrä 0-0: Ball
1-0: Foul Ball, location: 2F
1-1: Ball
2-1: Swinging Strike
2-2: Foul Ball, location: 2F
2-2: Foul Ball, location: 2F
2-2: Foul Ball, location: 2F
2-2: Fly out, F7 (Flyball, 78M, EV 88.1 MPH)
Bottom of the 2nd over - 0 runs, 0 hits, 0 errors, 0 left on base; Fresno 1 - Buffalo 3
TOP OF THE 3RD
Fresno Grizzlies batting - Pitching for Buffalo Bisons : RHP Jonathon Crunk
Batting: RHB Chris Trites 0-0: Ball
1-0: Ball
2-0: Foul Ball, location: 2F
2-1: Foul Ball, location: 2F
2-2: Ball
3-2: Foul Ball, location: 2F
3-2: Foul Ball, location: 2F
3-2: Foul Ball, location: 2F
3-2: Ground out 4-3 (Groundball, 4, EV 83.1 MPH)
Batting: RHB Jesse Scott 0-0: Called Strike
0-1: Foul Ball, location: 2F
0-2: Ball
1-2: SINGLE (Line Drive, 78S, EV 108.8 MPH)
Batting: LHB Josh Birkner 0-0: Ball
1-0: Grounds into double play, 1-6-3 (Groundball, 13S, EV 65.6 MPH)
Top of the 3rd over - 0 runs, 1 hit, 0 errors, 0 left on base; Fresno 1 - Buffalo 3
BOTTOM OF THE 3RD
Buffalo Bisons batting - Pitching for Fresno Grizzlies : RHP Mike Hurst
Batting: RHB Jeff Garofalo 0-0: Foul Ball, location: 2F
0-1: Foul Ball, location: 2F
0-2: Ball
1-2: Ball
2-2: Ball
3-2: Foul Ball, location: 2F
3-2: Ground out 5-3 (Groundball, 56, EV 95.0 MPH)
Batting: LHB Jack Bell 0-0: Ball
1-0: Called Strike
1-1: Ground out 3-1 (Groundball, 34, EV 78.1 MPH)
Batting: RHB Danny Miramontes 0-0: Called Strike
0-1: Ball
1-1: Ball
2-1: Ball
3-1: Base on Balls
Pitching: RHP Tommy Cunningham
Batting: RHB Chris Martin 0-0: Called Strike
0-1: Ball
1-1: Called Strike
1-2: Strikes out looking
Bottom of the 3rd over - 0 runs, 0 hits, 0 errors, 1 left on base; Fresno 1 - Buffalo 3
TOP OF THE 4TH
Fresno Grizzlies batting - Pitching for Buffalo Bisons : RHP Jonathon Crunk
Batting: LHB Chris Cabrera 0-0: Ball
1-0: SINGLE (Line Drive, 56, EV 100.6 MPH)
Batting: RHB Etsuro Hosokawa 0-0: Called Strike
0-1: Ball
1-1: Swinging Strike
1-2: Strikes out looking
Batting: RHB Nick Deegan 0-0: Called Strike
0-1: Fielders Choice at 2nd, 6-4 (Groundball, 6, EV 85.6 MPH)
Batting: RHB Sam Spohn 0-0: Foul Ball, location: 2F
0-1: Ball
1-1: Foul Ball, location: 2F
1-2: Strikes out swinging
Top of the 4th over - 0 runs, 1 hit, 0 errors, 1 left on base; Fresno 1 - Buffalo 3
BOTTOM OF THE 4TH
Buffalo Bisons batting - Pitching for Fresno Grizzlies : RHP Tommy Cunningham
Batting: RHB Danny Heyer 0-0: Called Strike
0-1: Called Strike
0-2: Strikes out swinging
Batting: RHB Bobby Lasaguna 0-0: Ball
1-0: Ball
2-0: Ball
3-0: Called Strike
3-1: Ground out 4-3 (Groundball, 4, EV 82.5 MPH)
Batting: RHB Francisco Hernandez 0-0: Reached on error, E4 (Groundball, 4, EV 106.2 MPH)
Batting: RHB Leo Mair 0-0: Swinging Strike
0-1: Ball
Francisco Hernandez steals 2nd base
1-1: Ball
2-1: Swinging Strike
2-2: Strikes out swinging
Bottom of the 4th over - 0 runs, 0 hits, 1 error, 1 left on base; Fresno 1 - Buffalo 3
TOP OF THE 5TH
Fresno Grizzlies batting - Pitching for Buffalo Bisons : RHP Jonathon Crunk
Batting: RHB Bryan Peterson 0-0: Foul Ball, location: 2F
0-1: Ball
1-1: Foul Ball, location: 2F
1-2: Ball
2-2: Fly out, F8 (Flyball, 8RD, EV 87.5 MPH)
Batting: RHB Dustin Hartman 0-0: Called Strike
0-1: DOUBLE (Line Drive, 89D, EV 109.4 MPH)
Batting: RHB Chris Trites 0-0: Ball
1-0: Ball
2-0: Foul Ball, location: 2F
2-1: Foul Ball, location: 2F
2-2: Ball
3-2: SINGLE (Groundball, 56, EV 86.9 MPH) (infield hit)
Dustin Hartman to third
Batting: RHB Jesse Scott 0-0: Called Strike
Chris Trites is caught stealing 2nd base 2-4
0-1: Called Strike
0-2: Ball
1-2: Strikes out swinging
Top of the 5th over - 0 runs, 2 hits, 0 errors, 1 left on base; Fresno 1 - Buffalo 3
BOTTOM OF THE 5TH
Buffalo Bisons batting - Pitching for Fresno Grizzlies : RHP Tommy Cunningham
Batting: LHB Isto Mäyrä 0-0: Ball
1-0: Called Strike
1-1: Foul Ball, location: 2F
1-2: Foul Ball, location: 2F
1-2: Fly out, F5 (Line Drive, 6, EV 67.5 MPH)
Batting: RHB Jeff Garofalo 0-0: Ball
1-0: Ground out U3 (Groundball, 34S, EV 85.0 MPH)
Batting: LHB Jack Bell 0-0: Foul Ball, location: 2F
0-1: Swinging Strike
0-2: Ball
1-2: Strikes out swinging
Bottom of the 5th over - 0 runs, 0 hits, 0 errors, 0 left on base; Fresno 1 - Buffalo 3
TOP OF THE 6TH
Fresno Grizzlies batting - Pitching for Buffalo Bisons : RHP Jonathon Crunk
Batting: LHB Josh Birkner 0-0: Ball
1-0: DOUBLE (Line Drive, 8RXD, EV 110.0 MPH)
Batting: LHB Chris Cabrera 0-0: Foul Ball, location: 2F
0-1: Foul Ball, location: 2F
0-2: Ground out 4-3 (Groundball, 4, EV 86.2 MPH)
Josh Birkner to third
Batting: RHB Etsuro Hosokawa 0-0: Ball
1-0: Ball
2-0: Called Strike
2-1: Ball
3-1: Called Strike
3-2: Ground out 4-3 (Groundball, 4, EV 83.8 MPH)
Josh Birkner scores
Batting: RHB Nick Deegan 0-0: Called Strike
0-1: Foul Ball, location: 2F
0-2: Ball
1-2: Ball
2-2: Ball
3-2: Fly out, F8 (Flyball, 8RM, EV 89.4 MPH)
Top of the 6th over - 1 run, 1 hit, 0 errors, 0 left on base; Fresno 2 - Buffalo 3
BOTTOM OF THE 6TH
Buffalo Bisons batting - Pitching for Fresno Grizzlies : RHP Tommy Cunningham
Batting: RHB Danny Miramontes 0-0: Called Strike
0-1: Swinging Strike
0-2: Ball
1-2: Foul Ball, location: 2F
1-2: Ball
2-2: Ball
3-2: Base on Balls
Batting: RHB Chris Martin 0-0: Reached on error, E5 (Groundball, 6S, EV 68.8 MPH)
Danny Miramontes to second
Batting: RHB Danny Heyer 0-0: Foul Ball, location: 2F
0-1: SINGLE (Line Drive, 34, EV 103.8 MPH)
Danny Miramontes to third
Chris Martin to second
Pitching: RHP Alex Salinas
Batting: RHB Bobby Lasaguna 0-0: Called Strike
0-1: Foul Ball, location: 2F
0-2: Ball
1-2: Grounds into fielders choice 4-2 (Groundball, 4, EV 80.0 MPH)
Chris Martin to third
Danny Heyer to second
Batting: RHB Francisco Hernandez 0-0: Ball
1-0: Called Strike
1-1: Foul Ball, location: 2F
1-2: Ball
2-2: Grounds into fielders choice 4-2 (Groundball, 4S, EV 70.0 MPH)
Danny Heyer to third
Bobby Lasaguna to second
Batting: RHB Leo Mair 0-0: Ball
1-0: Foul Ball, location: 2F
1-1: Fly out, F8 (Flyball, 8LM, EV 83.1 MPH)
Bottom of the 6th over - 0 runs, 1 hit, 1 error, 3 left on base; Fresno 2 - Buffalo 3
TOP OF THE 7TH
Fresno Grizzlies batting - Pitching for Buffalo Bisons : RHP Jonathon Crunk
Now at 2B: Danny Eberhart
Batting: RHB Sam Spohn 0-0: Ball
1-0: Ball
2-0: Swinging Strike
2-1: SINGLE (Groundball, 56S, EV 65.0 MPH) (infield hit)
Batting: RHB Bryan Peterson 0-0: Sac Bunt to 23 - play at first, batter safe!
Sam Spohn to second
Batting: RHB Dustin Hartman 0-0: Called Strike
0-1: Grounds into double play, 6-4-3 (Groundball, 56D, EV 88.8 MPH)
Sam Spohn to third
Batting: RHB Chris Trites 0-0: Called Strike
0-1: Ball
1-1: Foul Ball, location: 2F
1-2: Ball
2-2: Ball
3-2: Fly out, F6 (Popup, 6M, EV 71.9 MPH)
Top of the 7th over - 0 runs, 2 hits, 0 errors, 1 left on base; Fresno 2 - Buffalo 3
BOTTOM OF THE 7TH
Buffalo Bisons batting - Pitching for Fresno Grizzlies : RHP Alex Salinas
Batting: LHB Isto Mäyrä 0-0: SINGLE (Line Drive, 89S, EV 101.9 MPH)
Batting: RHB Jeff Garofalo 0-0: Ball
1-0: Foul Ball, location: 2F
1-1: Called Strike
Isto Mäyrä is caught stealing 2nd base 2-4
1-2: Foul Ball, location: 2F
1-2: Ball
2-2: Foul Ball, location: 2F
2-2: Foul Ball, location: 2F
2-2: Ball
3-2: Fly out, F8 (Line Drive, 8LS, EV 105.6 MPH)
Batting: LHB Jack Bell 0-0: SINGLE (Groundball, 5D, EV 102.5 MPH)
Batting: RHB Danny Miramontes 0-0: Foul Ball, location: 2F
0-1: Ball
1-1: Called Strike
1-2: SINGLE (Groundball, P, EV 77.5 MPH) (infield hit)
Jack Bell to second
Batting: RHB Danny Eberhart 0-0: Swinging Strike
0-1: Ball
1-1: Swinging Strike
1-2: Strikes out looking
Bottom of the 7th over - 0 runs, 3 hits, 0 errors, 2 left on base; Fresno 2 - Buffalo 3
TOP OF THE 8TH
Fresno Grizzlies batting - Pitching for Buffalo Bisons : RHP Jonathon Crunk
Pitching: RHP Matt Still
Now in LF: Francisco Hernandez
Now in CF: Väinö Tapaninen
Batting: RHB Jesse Scott 0-0: Foul Ball, location: 2F
0-1: Ball
1-1: Ball
2-1: SINGLE (Groundball, 56D, EV 98.8 MPH)
Batting: LHB Josh Birkner 0-0: Called Strike
0-1: Foul Ball, location: 2F
0-2: Strikes out swinging
Batting: LHB Chris Cabrera 0-0: Ball
1-0: Ball
Jesse Scott steals 2nd base
2-0: Swinging Strike
2-1: Foul Ball, location: 2F
2-2: Foul Ball, location: 2F
2-2: Foul Ball, location: 2F
2-2: Ball
3-2: Foul Ball, location: 2F
3-2: Base on Balls
Batting: RHB Etsuro Hosokawa 0-0: Swinging Strike
0-1: Ball
1-1: Ball
2-1: Swinging Strike
2-2: Foul Ball, location: 2F
2-2: Strikes out swinging
Batting: RHB Nick Deegan 0-0: Called Strike
0-1: Foul Ball, location: 2F
0-2: Ball
1-2: Strikes out swinging
Top of the 8th over - 0 runs, 1 hit, 0 errors, 2 left on base; Fresno 2 - Buffalo 3
BOTTOM OF THE 8TH
Buffalo Bisons batting - Pitching for Fresno Grizzlies : RHP Alex Salinas
Pitching: RHP Bill Garcia
Batting: RHB Danny Heyer 0-0: Called Strike
0-1: Hit by Pitch
Batting: RHB Bobby Lasaguna 0-0: Called Strike
0-1: Sac Bunt to 13S - play at first, batter OUT! 1-3
Danny Heyer to second
Batting: RHB Francisco Hernandez 0-0: Foul Ball, location: 2F
0-1: Ball
1-1: Ground out U3 (Groundball, 34S, EV 81.2 MPH)
Danny Heyer to third
Batting: RHB Leo Mair 0-0: Ball
1-0: Called Strike
1-1: Fly out, F8 (Flyball, 8RS, EV 79.4 MPH)
Bottom of the 8th over - 0 runs, 0 hits, 0 errors, 1 left on base; Fresno 2 - Buffalo 3
TOP OF THE 9TH
Fresno Grizzlies batting - Pitching for Buffalo Bisons : RHP Matt Still
Pitching: RHP Luis Bautista
Batting: RHB Sam Spohn 0-0: Foul Ball, location: 2F
0-1: Swinging Strike
0-2: Strikes out looking
Batting: RHB Bryan Peterson 0-0: Ball
1-0: Called Strike
1-1: Ground out 6-3 (Groundball, 6, EV 83.1 MPH)
Batting: RHB Dustin Hartman 0-0: Ball
1-0: Ground out 6-3 (Groundball, 6, EV 101.9 MPH)
Top of the 9th over - 0 runs, 0 hits, 0 errors, 0 left on base; Fresno 2 - Buffalo 3
Sunday, July 16th , 2023 - OOTP Baseball 24.6 Build 69